 Dungeon Crawl Stone Soup version 0.27.1-1-g398f81649c (webtiles) character file.

Game seed: 10984262522556005823

344 Borgoz the Skirmisher (level 6, -1/56 HPs)
             Began as a Minotaur Berserker on Sept 19, 2021.
             Was a Priest of Trog.
             Slain by an orc wizard (3 damage)
             ... on level 4 of the Dungeon.
             The game lasted 00:03:18 (3317 turns).

Borgoz the Skirmisher (Minotaur Berserker)          Turns: 3317, Time: 00:03:18

Health: -1/56      AC:  6    Str: 21    XL:     6   Next: 31%
Magic:  5/5        EV: 16    Int:  4    God:    Trog [***...]
Gold:   187        SH:  0    Dex: 12    Spells: 5/5 levels left

rFire    . . .     SeeInvis .   a - +0 falchion
rCold    . . .     Faith    .   (no shield)
rNeg     . . .     Spirit   .   f - +0 ring mail
rPois    .         Reflect  .   (helmet restricted)
rElec    .         Harm     .   (no cloak)
rCorr    .         Rampage  .   (no gloves)
Will     .....                  (no boots)
Stlth    ..........             (no amulet)
HPRegen  0.18/turn              k - +4 ring of evasion
MPRegen  0.09/turn              (no ring)

@: confused, attractive, hasted, very quick
A: horns 2, retaliatory headbutt
a: Renounce Religion, Berserk, Trog's Hand


You were on level 4 of the Dungeon.
You worshipped Trog.
Trog was most pleased with you.
You visited 1 branch of the dungeon, and saw 4 of its levels.

You collected 187 gold pieces.

Inventory:

Hand Weapons
 a - a +0 falchion (weapon)
Armour
 f - a +0 ring mail (worn)
Jewellery
 k - a +4 ring of evasion (left hand)
Wands
 b - a wand of polymorph (6)
 l - a wand of flame (13)
Scrolls
 c - a scroll of amnesia {unknown}
 d - a scroll of holy word {unknown}
 e - a scroll of enchant weapon {unknown}
 g - 3 scrolls of enchant armour {unknown}
 i - a scroll of fog {unknown}
 j - 2 scrolls of identify {unknown}
 m - a scroll of immolation {unknown}
 o - a scroll of teleportation {unknown}
Potions
 h - a potion of attraction


   Skills:
 + Level 5.3 Fighting
 + Level 5.3 Long Blades
 + Level 4.5 Armour
 + Level 4.1 Dodging


You had 5 spell levels left.
You didn't know any spells.
Your spell library was empty.

Dungeon Overview and Level Annotations

Branches:
Dungeon (4/15)
 Temple: D:4-7

Altars:
The Shining One


Innate Abilities, Weirdness & Mutations

You have a pair of horns on your head.
You reflexively headbutt those who attack you in melee.


Message History

The puff of flame hits you. The orc wizard completely misses you.
You miss something. The orc wizard casts a spell at you.
You resist with some effort.
You hear some strange, mumbled words.
A magic dart appears from out of thin air!
The magic dart hits you!
* * * LOW HITPOINT WARNING * * *
You are too confused!
It was a potion of attraction.
You feel attractive to monsters. The orc wizard completely misses you.
You hear some strange, mumbled words.
Something tries to affect you, but you resist.
You feel yourself speed up.
You hear some strange, mumbled words.
You are more confused.
The orc wizard misses you. The orc wizard is pulled toward you!
The orc priest is pulled toward you! The orc is pulled toward you!
You closely miss the orc wizard. Your headbutt misses the orc wizard.
Something hits you.
* * * LOW HITPOINT WARNING * * *
The orc wizard points at you and mumbles some strange words.
The magic dart hits you.
* * * LOW HITPOINT WARNING * * *
You hear some strange, mumbled words.
A puff of flame appears from out of thin air!
The puff of flame hits you.
* * * LOW HITPOINT WARNING * * *
The orc wizard hits you but does no damage.
Something is pulled toward you!
You see here a ball python corpse.
You hear some strange, mumbled words.
Something tries to affect you, but you resist.
Something is pulled toward you! The orc wizard is pulled toward you!
The orc is pulled toward you!
Okay, then.
You're too confused to move!
Something hits you.
You die...

#. .# #.# #.# #.# #.#
#.# #.# #.# #.# #.# #.#
######.###.###
#........@o..#
#.####.....#.###### #
#......#o†..<....
#.#.......o#.##.###
#.####.#..#####.#...
#.............#.#..#..
#...##.#....#.#.#...
...
###...##.#....#.#.#....
##
..§≈....#..###.#.#.....


You could see an orc priest, an orc wizard and an orc.

Vanquished Creatures
  A bullfrog zombie (D:4)
  2 orc priests (D:3)
  A bullfrog skeleton (D:4)
  Jessica (D:3)
  Natasha (thrice) (D:2)
  2 adders
  An adder skeleton (D:4)
  4 worms
  A dart slug (D:1)
  9 orcs
  3 bats
  3 endoplasms
  2 giant cockroaches
  6 goblins
  7 hobgoblins
  9 jackals
  3 quokkas (D:1)
  6 ball pythons
  11 frilled lizards
  5 kobolds
  4 rats
84 creatures vanquished.

Vanquished Creatures (others)
  6 plants (D:2)
6 creatures vanquished.

Grand Total: 90 creatures vanquished

Notes
Turn   | Place    | Note
-------+----------+-------------------------------------------
     0 | D:1      | Borgoz the Minotaur Berserker began the quest for the Orb.
     0 | D:1      | Reached XP level 1. HP: 19/19 MP: 0/0
    44 | D:1      | Reached XP level 2. HP: 23/27 MP: 1/1
   607 | D:1      | Reached ** piety under Trog
   609 | D:1      | Reached XP level 3. HP: 29/33 MP: 2/2
  1147 | D:2      | Noticed Natasha
  1151 | D:2      | Killed Natasha
  1152 | D:2      | Reached XP level 4. HP: 36/41 MP: 3/3
  1189 | D:2      | Noticed Natasha
  1195 | D:2      | Killed Natasha
  1315 | D:2      | Noticed Natasha
  1322 | D:2      | Killed Natasha
  1717 | D:2      | Reached XP level 5. HP: 47/47 MP: 4/4
  2327 | D:3      | Found a faded altar of an unknown god.
  2451 | D:3      | Reached skill level 5 in Fighting
  2451 | D:3      | Reached skill level 5 in Long Blades
  2944 | D:3      | Reached *** piety under Trog
  2975 | D:3      | Noticed Jessica
  2979 | D:3      | Killed Jessica
  2980 | D:3      | Reached XP level 6. HP: 56/56 MP: 5/5
  3238 | D:4      | Found a glowing golden altar of the Shining One.
  3314 | D:4      | HP: 2/56 [something/puff of flame (6)]
  3317 | D:4      | Slain by an orc wizard

Illustrated notes

Levels and vault maps discovered:
D:1:      dpeg_arrival_lava_altar, layout_basic, roderic_roman_lattice,
          minmay_pentomino_u4
D:2:      layout_basic, serial_bayou_ford_a, uniq_natasha
D:3:      layout_basic, hellmonk_ecumenical_altar_crossroads, uniq_jessica
D:4:      layout_basic, mainiacjoe_overflow_boulevard

Skill      XL: |  1  2  3  4  5  6 |
---------------+-------------------+-----
Fighting       | 4 5 |  5.3
Long Blades    | 4 5 |  5.3
Armour         | 3 4 |  4.5
Dodging        | 3 4 |  4.1

Action                   |  1- 3 |  4- 6 || total
-------------------------+-------+-------++-------
Melee: Falchion          |    59 |   115 ||   174
       Headbutt          |    13 |    27 ||    40
Invok: Berserk           |     1 |     4 ||     5
  Use: Potion            |       |     2 ||     2
 Stab: Sleeping          |     3 |     1 ||     4
Armor: Animal skin       |     9 |     2 ||    11
       Ring mail         |       |    23 ||    23
Dodge: Dodged            |    37 |    81 ||   118
       Rpst.: Falchion   |     5 |    21 ||    26
